 Dungeon Crawl Stone Soup version 0.28-a0-1236-gb25a51b929 (webtiles) character file.

Game seed: 15637853975295129539

7 croobank the Sneak (level 1, -3/10 HPs)
             Began as a Felid Delver on Dec 25, 2021.
             Slain by an adder (5 damage)
             ... on level 2 of the Dungeon.
             The game lasted 00:03:11 (491 turns).

croobank the Sneak (Felid Delver)                    Turns: 491, Time: 00:03:11

Health: -3/10      AC:  1    Str:  8    XL:     1   Next: 91%
Magic:  2/2        EV: 18    Int: 11    God:
Gold:   32         SH:  0    Dex: 17    Spells: 0/0 levels left
                                        Lives:  0   Deaths: 0

rFire   . . .      SeeInvis +     - Unarmed
rCold   . . .      Faith    .   (shield unavailable)
rNeg    . . .      Spirit   .   (armour unavailable)
rPois   .          Reflect  .   (helmet unavailable)
rElec   .          Harm     .   (cloak unavailable)
rCorr   .          Rampage  .   (gloves unavailable)
Will    .....                   (boots unavailable)
Stlth   ++++......              (no amulet)
HPRegen 0.03/turn               (no ring)
MPRegen 0.08/turn               (no ring)

@: lethally poisoned (-3 -> -5), hasted, very quick
A: very small, claws 1, fangs 3, see invisible, speed 1, shaggy fur 1, stealthy
paws, no weapons or thrown items, no armour, multi-lived
a: no special abilities


You were on level 2 of the Dungeon.
You visited 1 branch of the dungeon, and saw 4 of its levels.

You collected 32 gold pieces.

Inventory:

Jewellery
 b - an amulet of faith
Wands
 e - a wand of digging (2)
Scrolls
 a - a scroll of fog


   Skills:
 + Level 3.1 Fighting
 + Level 3.0 Dodging
 + Level 6.7 Stealth
 + Level 2.1 Unarmed Combat


You couldn't memorise any spells.
You didn't know any spells.
Your spell library was empty.

Dungeon Overview and Level Annotations

Branches:
Dungeon (5/15)
 Temple: D:4-7

Altars:

Annotations:
D:2 Natasha


Innate Abilities, Weirdness & Mutations

You have sharp claws.
You have razor-sharp teeth.
You have supernaturally acute eyesight. (SInv)
You cover ground quickly. (Speed+)
You are covered in fur. (AC +1)
Your paws help you pounce on unaware monsters.
You are incapable of wielding weapons or throwing items.
You cannot wear armour.
You gain extra lives every three experience levels.


Message History

A dart slug comes into view.
Found a stone staircase leading down.
The helpless dart slug fails to defend itself.
You mangle the dart slug!!
You kill the dart slug!
You see here a dart slug corpse.
A bat comes into view.
There is a stone staircase leading down here.
You pounce on the unaware helpless bat!
You mangle the bat!!
You kill the bat!
A dart slug comes into view.
An adder comes into view.
The helpless dart slug fails to defend itself.
You mangle the dart slug!!
You kill the dart slug!
The adder hisses angrily.
Your Dodging skill increases to level 3!
Found a granite ring.
You closely miss the adder. The adder misses you.
You scratch the adder.
The adder is moderately wounded.
The adder bites you.
You scratch the adder but do no damage.
The adder is moderately wounded.
The adder bites you.
You are lethally poisoned!
The adder poisons you! The adder closely misses you.
You barely miss the adder.
The adder is moderately wounded.
You feel sick. The adder completely misses you.
You scratch the adder.
The adder is severely wounded.
* * * LOW HITPOINT WARNING * * *
You feel sick. The adder completely misses you.
Okay, then.
You feel yourself speed up.
* * * LOW HITPOINT WARNING * * *
You feel sick. The adder bites you.
Ouch! That really hurt!
You die...

#.#####.#
#....##.###
#.##......###
######.......#....
#......###########
#.###### # #.# #
##.## # #S@.# #
..=......# ####
.....#...# #...
#######..# #.##
#..# #. # #...
######.## #.##
#.......#
####.#### #.# #...
#.......#
###.#####.#


You could see an adder.

Vanquished Creatures
  2 dart slugs (D:2)
  A goblin (D:2)
  A bat (D:2)
4 creatures vanquished.

Notes
Turn   | Place    | Note
-------+----------+-------------------------------------------
     0 | D:5      | croobank the Felid Delver began the quest for the Orb.
     0 | D:5      | Reached XP level 1. HP: 10/10 MP: 2/2
   291 | D:3      | Noticed an orc priest
   364 | D:2      | Noticed Natasha
   491 | D:2      | Slain by an adder

Illustrated notes

Levels and vault maps discovered:
D:2:      layout_loops_cross, uniq_natasha
D:3:      layout_loops_cross, gammafunk_ghost_smash, wad_floor_pattern_untrapped
D:4:      layout_rooms, chequers_serial_rivers_room_b, serial_park_tiny_1
D:5:      layout_cave_pools, patterned_corridor

Skill      XL: |  1 |
---------------+----+-----
Dodging        | 3 |  3.0
Fighting       | |  3.1
Stealth        | |  6.7
Unarmed Combat | |  2.1

Action                   || total
-------------------------++-------
Melee: Unarmed           ||    15
       Bite              ||     1
Evoke: Wand              ||     1
  Use: Scroll            ||     2
       Potion            ||     1
 Stab: Sleeping          ||     4
Dodge: Dodged            ||     8

Table legend: (Time is in decaauts)
 A = Elapsed time spent in this place.
 B = Non-inter-level travel time spent in this place.
 C = Inter-level travel time spent in this place.
 D = Time resting spent in this place.
 E = Time spent auto-exploring this place.
 F = Levels seen in this place.
 G = Mean time per level.
                   A        B        C        D        E       F      G
               +--------+--------+--------+--------+--------+-----+--------+
         Total |    441 |    441 |      0 |    221 |     24 |   4 |  110.2 |
       Dungeon |    441 |    441 |      0 |    221 |     24 |   4 |  110.2 |
               +--------+--------+--------+--------+--------+-----+--------+

Top non-repeatable levels by time:
     D:3: 269 daAuts
     D:2: 125 daAuts
     D:4: 32 daAuts
     D:5: 14 daAuts
